Map: Ever Dream LE

Players

Reynor - Winner!

  • Race: Zerg Zerg
  • Spawn Location: 1:00

maru

  • Race: Terran Terran
  • Spawn Location: 7:00

Event: DreamHack SC2 Masters 2020 Summer Season Finals

VOD

Have the link to the VOD?

Description

Time

  • Played on: July 17, 2020, 11:13 a.m.
  • Length: 26:08

All games in this series

Show
View Real Time Build Order
Export as new Build Order

Reynor Zerg - Winner!

Build Orders: Hatch First, Lurkers 

Get SALT Encoding   

  12  0:00  Drone  
  13  0:12  Overlord  
  13  0:17  Drone  
  14  0:31  Drone x2  
  16  0:48  Hatchery  
  15  0:52  Drone  
  15  0:55  Drone  
  17  0:58  Drone  
  18  1:09  Extractor  
  17  1:15  Spawning Pool  
  17  1:18  Drone  
  17  1:22  Drone  
  18  1:28  Drone  
  19  1:38  Drone  
  20  1:49  Drone  
  21  2:00  Overlord  
  21  2:02  Queen x2  
  21  2:03  Zergling x2  
  26  2:12  Zergling x2, Drone  
  28  2:22  Drone x2  
  30  2:31  Hatchery  
  30  2:32  Drone  
  30  2:35  Drone  
  31  2:41  Metabolic Boost  
  31  2:48  Queen  
  33  2:51  Overlord  
  33  2:54  Drone  
  33  2:56  Drone  
  35  2:59  Drone  
  36  3:10  Drone x2  
  38  3:13  Overlord  
  38  3:14  Drone  
  38  3:15  Drone  
  40  3:20  Drone  
  40  3:22  Drone  
  40  3:25  Queen  
  44  3:32  Drone x2  
  46  3:36  Overlord  
  46  3:42  Drone  
  46  3:44  Drone x3  
  46  3:47  Zergling x2  
  51  3:49  Queen, Drone  
  56  3:55  Drone x2  
  56  3:56  Zergling x4  
  56  3:58  Drone  
  56  4:00  Overlord  
  59  4:07  Overlord  
  59  4:12  Overlord  
  59  4:14  Lair  
  59  4:16  Extractor  
  58  4:17  Baneling Nest  
  58  4:19  Drone x3  
  58  4:21  Drone  
  61  4:25  Queen  
  61  4:26  Zergling x2  
  61  4:27  Zergling x6  
  61  4:31  Drone  
  68  4:32  Drone  
  68  4:35  Drone x3  
  71  4:40  Drone  
  71  4:41  Drone  
  73  4:45  Queen  
  73  4:47  Overlord, Drone  
  73  4:49  Drone  
  73  4:50  Evolution Chamber, Extractor  
  73  4:51  Drone  
  76  4:53  Drone x2  
  76  4:57  Drone x2  
  80  5:01  Zergling x2  
  80  5:02  Overlord  
  81  5:10  Drone x3  
  81  5:11  Drone  
  81  5:17  Centrifical Hooks  
  81  5:21  Zerg Ground Armor Level 1  
  81  5:23  Zergling x8  
  81  5:24  Zergling x2  
  81  5:25  Hatchery  
  81  5:27  Extractor  
  84  5:28  Zergling x6  
  84  5:29  Zergling x2  
  84  5:32  Overlord  
  84  5:33  Overlord  
  88  5:38  Zergling x4  
  88  5:41  Overlord  
  90  5:48  Overlord  
  90  5:51  Zergling x2  
  90  5:52  Zergling x8  
  90  5:55  Zergling x2  
  96  6:00  Evolution Chamber, Drone  
  96  6:01  Zergling x4  
  96  6:03  Queen  
  100  6:06  Zergling x12  
  105  6:11  Baneling x6  
  105  6:16  Zergling x4  
  105  6:18  Zergling x4  
  109  6:24  Zergling x4  
  111  6:28  Zergling x6  
  92  6:33  Zergling x8  
  92  6:34  Zergling x4  
  92  6:37  Zergling x2  
  92  6:38  Queen  
  92  6:39  Queen  
  92  6:40  Baneling x5  
  92  6:43  Zergling x4  
  92  6:46  Zergling x2  
  90  6:47  Zergling x6  
  90  6:48  Baneling x2  
  90  6:49  Zergling x2  
  90  6:50  Baneling x3  
  90  6:51  Zergling x4  
  92  7:02  Zergling x8  
  92  7:05  Baneling x2  
  91  7:10  Zergling x12  
  91  7:11  Zerg Melee Weapons Level 1  
  91  7:12  Zergling x4  
  91  7:14  Zergling x2  
  100  7:15  Zergling x4  
  100  7:16  Zergling x4  
  100  7:17  Zerg Ground Armor Level 2  
  100  7:20  Overlord  
  104  7:24  Overlord  
  104  7:27  Overlord  
  104  7:29  Baneling x2  
  104  7:30  Baneling x3  
  104  7:37  Queen  
  104  7:42  Zergling x2  
  104  7:43  Zergling x12  
  103  7:45  Zergling x6  
  103  7:47  Zergling x2  
  103  7:49  Zergling x2  
  106  7:52  Drone  
  106  7:53  Queen, Drone x3  
  106  7:56  Zergling x4  
  114  8:00  Baneling x5  
  114  8:03  Zergling x2  
  114  8:04  Zergling x2  
  116  8:06  Spire, Drone, Extractor  
  116  8:07  Drone  
  116  8:09  Hydralisk Den  
  116  8:11  Infestation Pit  
  111  8:13  Drone  
  111  8:14  Drone  
  111  8:17  Drone x2  
  115  8:20  Drone x3  
  115  8:24  Extractor  
  115  8:25  Overlord  
  115  8:26  Drone  
  118  8:28  Baneling x5  
  118  8:30  Drone x2  
  120  8:41  Drone x3  
  123  8:44  Lurker Den, Baneling x2  
  123  8:45  Zergling x2  
  123  8:50  Zergling x12  
  123  8:51  Hive  
  128  8:56  Drone x3  
  128  8:59  Hatchery  
  128  9:00  Drone  
  131  9:03  Zergling x4  
  131  9:06  Zergling x2  
  131  9:07  Overlord, Baneling x5  
  131  9:08  Zerg Missile Weapons Level 1  
  131  9:09  Zergling x2  
  135  9:11  Overlord  
  135  9:12  Overlord  
  135  9:14  Baneling x3  
  135  9:16  Overlord, Pneumatized Carapace  
  135  9:18  Overlord  
  135  9:26  Extractor  
  135  9:30  Drone  
  135  9:31  Drone x2  
  135  9:32  Drone x2  
  135  9:33  Spore Crawler  
  135  9:35  Drone x4  
  135  9:37  Zergling x8  
  142  9:44  Zergling x8  
  142  9:45  Zergling x8  
  145  9:47  Hydralisk  
  145  9:48  Hydralisk  
  145  9:51  Hydralisk  
  151  9:53  Drone  
  151  9:57  Hydralisk  
  151  9:59  Hydralisk  
  154  10:00  Hydralisk  
  154  10:01  Overlord  
  154  10:02  Zergling x2  
  154  10:04  Seismic Spines  
  159  10:07  Overlord, Extractor  
  159  10:09  Drone  
  159  10:16  Overlord  
  158  10:21  Viper x3  
  158  10:23  Drone x6  
  158  10:25  Overlord x3  
  173  10:30  Lurker x6  
  173  10:35  Zergling x12  
  183  10:36  Zergling x2  
  183  10:38  Hydralisk  
  183  10:39  Zergling x2  
  183  10:42  Hatchery  
  188  10:44  Baneling Nest  
  188  10:45  Drone x4  
  188  10:47  Drone x3  
  188  10:48  Unknown, Drone  
  192  10:50  Zergling x4  
  194  11:00  Viper  
  194  11:01  Adaptive Talons  
  196  11:11  Spore Crawler  
  196  11:12  Spore Crawler  
  196  11:13  Overseer  
  196  11:15  Lurker, Baneling x6  
  195  11:18  Zerg Missile Weapons Level 2  
  195  11:23  Spore Crawler  
  195  11:24  Zergling x10  
  199  11:26  Spore Crawler  
  190  11:35  Drone x5  
  190  11:36  Drone x6  
  190  11:37  Hydralisk x2  
  190  11:38  Zergling x2  
  152  11:57  Zergling x30  
  152  11:58  Zergling x2  
  152  11:59  Zergling x4  
  145  12:02  Zergling x6  
  145  12:03  Lair  
  145  12:04  Zergling x6  
  145  12:06  Zergling x2  
  147  12:09  Drone x2  
  147  12:11  Lurker x2  
  151  12:15  Spawning Pool  
  151  12:17  Drone x5  
  151  12:19  Drone x2  
  142  12:31  Drone x6  
  148  12:37  Baneling x7  
  148  12:38  Drone x2  
  150  12:47  Drone x3  
  150  12:48  Drone x4  
  157  12:59  Overlord  
  157  13:05  Zergling x28  
  171  13:08  Hydralisk Den  
  171  13:11  Zergling x2  
  171  13:13  Zergling x2  
  171  13:19  Zerg Melee Weapons Level 2  
  172  13:21  Infestation Pit  
  172  13:22  Zergling x14  
  172  13:23  Zergling x8  
  182  13:27  Baneling x3  
  182  13:28  Baneling x6  
  182  13:32  Drone x3  
  182  13:33  Evolution Chamber, Drone  
  185  13:36  Zergling x6  
  185  13:39  Overlord  
  186  13:43  Zergling x2  
  187  13:53  Drone x2  
  179  13:56  Baneling x10  
  179  13:57  Baneling x3  
  179  14:01  Hydralisk x2  
  179  14:02  Hydralisk x3  
  189  14:03  Hydralisk  
  189  14:04  Zergling x10, Lurker Den  
  189  14:05  Zergling x2  
  189  14:08  Zergling x6  
  199  14:12  Baneling  
  199  14:13  Baneling x3  
  189  14:24  Zergling x10  
  189  14:25  Zergling x12  
  189  14:29  Zergling x4, Hydralisk  
  185  14:35  Hydralisk  
  185  14:36  Zergling x2  
  185  14:38  Zergling x4  
  188  14:39  Zergling x2  
  188  14:40  Overlord  
  188  14:43  Zergling x8  
  192  14:47  Zergling x6  
  192  14:49  Zergling x4  
  192  14:51  Hatchery  
  195  14:53  Overseer x2  
  195  14:55  Overseer  
  195  14:59  Zergling x8  
  199  15:00  Hive  
  199  15:11  Baneling x4  
  199  15:12  Baneling x3  
  199  15:13  Baneling  
  199  15:14  Baneling x2  
  195  15:26  Zergling x38  
  174  15:34  Hydralisk  
  174  15:35  Hydralisk  
  173  15:37  Hydralisk  
  173  15:38  Zergling x6  
  173  15:39  Zergling x4  
  180  15:42  Muscular Augments, Hydralisk x2  
  180  15:43  Zergling x2  
  185  15:50  Hydralisk  
  185  15:51  Zergling x8  
  185  15:54  Zergling x2  
  185  15:57  Zergling x2  
  184  16:09  Lurker x9  
  184  16:10  Drone x2  
  184  16:11  Drone x5  
  194  16:13  Spire  
  194  16:16  Hatchery  
  192  16:21  Hydralisk  
  192  16:22  Zergling x2, Hydralisk x2  
  192  16:23  Baneling x7  
  192  16:24  Baneling x7  
  199  16:28  Zergling x2, Spine Crawler  
  199  16:30  Overlord x2, Spine Crawler x2  
  199  16:31  Overseer  
  197  16:36  Extractor  
  197  16:37  Zerg Missile Weapons Level 3  
  197  16:38  Extractor  
  197  16:39  Zerg Melee Weapons Level 3  
  195  16:45  Zergling x2  
  195  16:46  Zergling x8  
  199  16:49  Zergling x2  
  199  16:54  Grooved Spines  
  198  16:59  Zergling x14  
  199  17:01  Overlord  
  199  17:07  Zergling x6  
  200  17:10  Zergling x4  
  200  17:11  Zergling x4, Overseer  
  200  17:12  Zergling x6  
  200  17:14  Viper x3  
  195  17:18  Hydralisk x2  
  195  17:19  Zergling x2  
  195  17:23  Zergling x2  
  195  17:28  Zergling x4  
  195  17:29  Hydralisk  
  180  17:30  Zergling x2  
  180  17:31  Zergling x2  
  180  17:34  Hydralisk x2  
  166  17:37  Hydralisk, Baneling x15  
  166  17:38  Queen  
  166  17:39  Zergling x2, Zerg Flyer Weapons Level 1  
  166  17:41  Baneling x4  
  166  17:42  Hydralisk  
  166  17:43  Zergling x4  
  175  17:46  Zergling x2, Hydralisk  
  175  17:49  Baneling x7  
  175  17:50  Drone x2, Baneling  
  180  17:51  Drone x2  
  180  17:54  Queen  
  184  18:00  Zergling x6  
  184  18:01  Overseer  
  184  18:02  Zergling x6  
  184  18:05  Zergling x14, Burrow  
  195  18:08  Zergling x4  
  199  18:16  Overseer x3  
  196  18:28  Hatchery  
  196  18:33  Zergling x10  
  199  18:35  Zergling x12  
  199  18:36  Zergling x2  
  199  18:37  Zergling x6  
  199  18:46  Hatchery  
  199  18:48  Zergling x6  
  200  18:49  Baneling x8  
  200  18:54  Hatchery  
  199  19:03  Lurker  
  199  19:20  Overseer  
  198  19:25  Zergling x2  
  197  19:33  Zergling x6  
  182  19:48  Zergling x36  
  176  19:58  Hydralisk  
  176  19:59  Zergling x6, Hydralisk  
  171  20:00  Hydralisk  
  167  20:09  Queen  
  167  20:13  Hydralisk x5, Baneling x17  
  167  20:14  Hydralisk x4  
  175  20:17  Extractor x2  
  175  20:18  Drone x5  
  188  20:21  Lurker  
  188  20:22  Lurker x5  
  188  20:23  Zergling x12, Zerg Flyer Weapons Level 2  
  200  20:40  Spine Crawler x2  
  200  20:41  Spore Crawler  
  197  20:44  Zergling x6  
  197  20:51  Zergling x12  
  197  20:54  Zergling x16  
  197  20:56  Hydralisk  
  198  20:57  Zergling x8  
  198  20:58  Zergling x4  
  198  20:59  Zergling x6  
  198  21:00  Zergling x2  
  198  21:03  Zergling x2  
  199  21:15  Zergling x8  
  199  21:20  Baneling  
  199  21:21  Baneling x11  
  199  21:39  Zerg Ground Armor Level 3  
  199  21:43  Extractor  
  199  21:44  Extractor  
  197  21:54  Zergling x12  
  194  22:01  Zergling x30  
  192  22:04  Zergling x10  
  192  22:06  Zergling x2  
  192  22:07  Zergling x2  
  199  22:12  Zergling x6  
  190  22:25  Zergling x18  
  190  22:28  Extractor  
  190  22:29  Zergling x8  
  200  22:30  Zergling x2  
  179  22:39  Zergling x22  
  179  22:40  Zergling x24  
  179  22:42  Zergling x6  
  199  22:56  Overseer x3  
  199  23:02  Overseer, Baneling x12  
  199  23:05  Overseer  
  199  23:09  Baneling x2  
  199  23:10  Baneling x5  
  198  23:22  Zergling x2  
  198  23:23  Zergling x18  
  198  23:24  Zergling x2  
  198  23:25  Zergling x4  
  184  23:34  Zergling x4  
  184  23:35  Zergling x30  
  184  23:38  Hydralisk x2  
  184  23:39  Zergling x12  
  184  23:40  Zergling x2  
  184  23:41  Zergling x2  
  194  23:46  Zergling x6  
  194  23:48  Zergling x8  
  195  23:52  Baneling x11  
  195  23:53  Baneling x16  
  195  23:54  Baneling  
  195  23:55  Baneling x6  
  195  23:56  Zergling x4  
  195  23:57  Zergling x4  
  195  24:00  Baneling x13  
  199  24:07  Spore Crawler  
  196  24:28  Hydralisk x4  
  196  24:29  Zergling x34  
  179  24:31  Hydralisk x2  
  179  24:32  Zergling x16  
  179  24:35  Zergling x4, Hydralisk  
  181  24:41  Zergling x10  
  181  24:42  Baneling x11  
  181  24:43  Baneling x3  
  186  24:46  Zergling x4  
  186  24:47  Zergling x2  
  186  24:50  Baneling  
  186  24:51  Baneling x5  
  189  24:57  Baneling  
  189  24:58  Overlord x2, Baneling x13  
  189  25:02  Overlord  
  189  25:05  Baneling x11  
  189  25:09  Hatchery  
  185  25:21  Zergling x52  
  185  25:22  Hydralisk  
  185  25:23  Zergling x2, Hydralisk  
  185  25:26  Hydralisk  
  178  25:29  Hydralisk  
  178  25:32  Zergling x10  
Show
View Real Time Build Order
Export as new Build Order

maru Terran 

Build Orders: Reaper Expand 

Get SALT Encoding   

  12  0:00  SCV  
  13  0:13  SCV  
  14  0:17  Supply Depot  
  14  0:25  SCV  
  15  0:38  SCV  
  15  0:40  Barracks  
  16  0:43  Refinery  
  16  0:51  SCV  
  17  1:03  SCV  
  18  1:15  SCV  
  19  1:27  Reaper, Orbital Command  
  20  1:40  Command Center  
  20  1:51  Supply Depot  
  20  1:53  SCV  
  21  1:59  Marine  
  22  2:05  SCV  
  23  2:09  Factory  
  23  2:17  SCV  
  23  2:19  Refinery  
  23  2:20  Barracks Reactor  
  24  2:29  SCV  
  25  2:41  SCV  
  26  2:51  Orbital Command  
  26  2:53  SCV, Starport  
  27  3:01  Hellion  
  27  3:02  Hellion  
  31  3:05  SCV  
  32  3:15  Barracks Tech Lab  
  32  3:17  SCV  
  32  3:18  SCV  
  34  3:22  Supply Depot  
  34  3:23  Hellion x2  
  38  3:29  SCV, Viking  
  38  3:30  SCV  
  42  3:35  Stimpack, Marine  
  43  3:41  SCV  
  43  3:43  SCV  
  43  3:45  Supply Depot  
  50  3:57  SCV  
  46  4:05  SCV, Barracks  
  46  4:09  SCV, Barracks  
  48  4:11  Supply Depot, Factory Tech Lab  
  48  4:14  Starport Reactor  
  48  4:17  SCV  
  48  4:18  Engineering Bay  
  48  4:21  SCV  
  50  4:29  SCV  
  51  4:32  Siege Tank  
  51  4:34  SCV, Supply Depot  
  55  4:38  Refinery  
  55  4:39  Marine  
  55  4:41  SCV  
  55  4:45  Terran Infantry Weapons Level 1  
  57  4:46  SCV  
  58  4:53  SCV  
  58  4:54  Supply Depot  
  58  4:58  SCV  
  60  5:02  Starport Reactor, Marine x4  
  60  5:03  Marine  
  60  5:05  Supply Depot  
  60  5:06  SCV  
  60  5:07  Siege Tank  
  69  5:10  SCV  
  62  5:18  SCV, Combat Shield  
  62  5:20  Marine x5  
  68  5:23  Refinery  
  67  5:36  Supply Depot  
  67  5:38  Marine x5  
  67  5:39  Medivac x2  
  76  5:50  Siege Tank  
  76  5:55  Marine  
  76  5:56  Marine x4  
  84  6:05  Command Center  
  84  6:10  Medivac x2  
  88  6:13  Marine x2  
  88  6:14  Marine x3  
  93  6:31  Marine x4  
  93  6:32  Marine  
  92  6:35  SCV  
  92  6:36  Siege Tank  
  88  6:40  Medivac  
  88  6:41  Terran Infantry Armor Level 1  
  88  6:47  SCV x2  
  91  6:49  Marine x5  
  91  6:51  Supply Depot  
  97  6:57  Barracks  
  97  6:58  Barracks  
  92  7:07  SCV, Marine x5  
  92  7:08  SCV  
  92  7:10  Siege Tank  
  95  7:18  Orbital Command  
  95  7:19  SCV  
  96  7:24  Marine  
  96  7:25  Marine x4  
  100  7:33  Medivac x2  
  104  7:39  Armory  
  104  7:42  Marine x2  
  104  7:43  Marine x3  
  107  7:45  Orbital Command  
  107  7:49  Engineering Bay  
  107  7:50  Siege Tank  
  107  7:51  Barracks Reactor x2  
  104  8:00  Marine x3  
  104  8:01  Marine x2  
  104  8:04  Medivac x2  
  112  8:14  SCV x3  
  112  8:18  Marine x3  
  112  8:19  Supply Depot  
  118  8:22  Siege Tank  
  121  8:27  Marine  
  121  8:28  Marine x2  
  121  8:29  Marine  
  121  8:33  Supply Depot x2  
  125  8:40  SCV x2, Marine x2  
  129  8:42  Terran Infantry Armor Level 2, Terran Infantry Weapons Level 2  
  129  8:44  SCV  
  129  8:48  Marine x3  
  131  8:55  SCV x2  
  135  8:58  Supply Depot x2  
  135  9:00  Marine x5  
  140  9:05  Factory  
  140  9:07  Siege Tank  
  143  9:20  Command Center  
  143  9:23  Marine  
  143  9:24  Marauder, Marine x3  
  144  9:25  SCV x2  
  144  9:26  SCV, Refinery  
  144  9:28  Refinery  
  150  9:45  Marauder, Marine x5  
  135  9:52  Marine x3  
  140  9:54  Factory Reactor, Drilling Claws  
  140  9:55  Siege Tank  
  140  9:58  Supply Depot  
  140  9:59  Supply Depot  
  143  10:02  SCV  
  150  10:07  Marauder  
  150  10:10  Liberator x2  
  152  10:14  Marine  
  152  10:21  Marine x5  
  154  10:22  Marine x2  
  154  10:28  Marauder, Widow Mine  
  163  10:31  Terran Vehicle And Ship Armor Level 1  
  163  10:32  Marine  
  163  10:33  Widow Mine x2  
  168  10:38  SCV x2, Marine  
  168  10:39  SCV  
  172  10:44  Sensor Tower  
  172  10:49  Marauder, Widow Mine  
  170  10:50  SCV  
  170  10:51  SCV x2  
  170  10:54  Widow Mine x2  
  170  10:55  Barracks  
  170  10:56  Barracks  
  177  10:59  Barracks  
  177  11:01  Planetary Fortress  
  177  11:02  SCV  
  177  11:04  SCV x2  
  180  11:10  Widow Mine  
  182  11:15  SCV  
  183  11:19  Terran Infantry Weapons Level 3, Terran Infantry Armor Level 3  
  183  11:22  Marauder, Marine x2  
  187  11:25  SCV  
  187  11:26  SCV  
  187  11:27  SCV  
  190  11:37  Factory  
  180  11:44  Marauder  
  179  11:48  Siege Tank  
  179  11:49  Orbital Command  
  179  11:52  Widow Mine  
  179  11:53  Widow Mine  
  178  11:59  Command Center, Marine  
  178  12:00  Marine x2  
  148  12:04  Viking x2  
  148  12:05  Marauder  
  148  12:06  Barracks Tech Lab  
  154  12:14  Widow Mine  
  152  12:27  Marauder  
  149  12:35  Liberator x2  
  149  12:36  Marauder, Barracks Tech Lab x2  
  145  12:38  Siege Tank  
  145  12:39  Widow Mine x2  
  145  12:43  SCV x3  
  155  12:48  Marauder  
  155  12:50  Factory Tech Lab  
  157  12:51  Ghost Academy  
  157  12:55  SCV x4  
  161  13:00  Refinery  
  161  13:01  Marauder  
  161  13:02  Supply Depot  
  161  13:03  Supply Depot x2  
  163  13:07  SCV  
  163  13:10  Marauder  
  162  13:18  Medivac x2  
  161  13:21  Ghost x2  
  161  13:25  Refinery x2  
  161  13:26  Siege Tank  
  168  13:30  SCV, Marauder, Marine  
  168  13:32  Missile Turret x3, Marauder  
  168  13:33  Missile Turret, Marine x5  
  173  13:51  Marauder x2, Marine x2  
  173  13:52  Ghost, Marauder  
  179  14:01  Siege Tank x2  
  185  14:11  Planetary Fortress, Ghost  
  187  14:17  Command Center  
  187  14:18  Command Center  
  187  14:19  Widow Mine x2  
  188  14:39  Sensor Tower  
  188  14:40  Supply Depot  
  188  14:43  Medivac  
  188  14:50  Orbital Command  
  188  14:53  Medivac  
  188  14:54  Missile Turret x2, Sensor Tower  
  188  15:01  Ghost x2  
  188  15:03  Unknown  
  191  15:24  Marine x2  
  191  15:25  Marauder x2  
  187  15:30  Ghost, Marauder  
  178  15:45  Ghost x2  
  171  15:52  Ghost  
  162  15:59  Ghost  
  162  16:01  Marine x3  
  162  16:02  SCV  
  162  16:04  Unknown, Marine x2  
  167  16:05  Widow Mine x3  
  167  16:07  SCV x2  
  176  16:13  Missile Turret  
  176  16:14  SCV  
  176  16:15  Marauder x2  
  176  16:18  Orbital Command x2  
  181  16:19  SCV x2  
  181  16:21  Viking x2  
  187  16:32  Ghost x2  
  191  16:35  Marine x2  
  191  16:36  Marauder x2, Missile Turret x2  
  197  16:46  Siege Tank  
  200  16:47  Widow Mine  
  197  16:57  Marauder  
  197  17:00  Orbital Command  
  197  17:01  Widow Mine, Siege Tank  
  189  17:10  Marine  
  189  17:11  Marauder x2, Marine  
  182  17:16  Enhanced Shockwaves  
  182  17:19  Siege Tank  
  182  17:22  Widow Mine, Sensor Tower  
  187  17:24  Marauder x2, Marine x4  
  175  17:32  Marauder x2  
  175  17:35  Marine x4  
  176  17:40  Refinery  
  176  17:45  Command Center  
  176  17:46  Marauder x2, Siege Tank  
  176  17:47  Widow Mine x2  
  176  17:49  Terran Vehicle Weapons Level 1  
  176  17:51  Siege Tank  
  190  17:53  Marauder  
  190  17:54  Marauder  
  194  18:06  Ghost  
  194  18:08  Ghost  
  198  18:18  Widow Mine  
  198  18:19  Missile Turret  
  200  18:25  Missile Turret  
  200  18:27  Missile Turret, Sensor Tower  
  197  18:44  Personal Cloaking  
  197  18:47  Widow Mine x2  
  195  18:49  Armory  
  195  18:57  Missile Turret  
  195  19:05  Sensor Tower  
  195  19:06  Command Center  
  195  19:07  Command Center  
  193  19:25  Missile Turret x2  
  193  19:26  Missile Turret  
  185  19:43  Planetary Fortress  
  181  19:48  Marauder x2, Marine x5  
  181  19:49  Marauder x2  
  181  19:50  Widow Mine x2, Siege Tank x2  
  167  19:57  Marine  
  167  19:58  Orbital Command  
  146  20:09  Ghost  
  146  20:10  Marauder x2, Nuke  
  146  20:12  Widow Mine x2  
  154  20:19  Orbital Command x2  
  154  20:22  Siege Tank x2  
  154  20:24  Concussive Shells  
  160  20:28  Missile Turret  
  160  20:29  Ghost  
  160  20:32  Terran Vehicle Weapons Level 2, Terran Vehicle And Ship Armor Level 2  
  162  20:46  Marauder x2, Marine x3  
  162  20:47  Marauder  
  159  20:59  Marauder  
  159  21:03  Orbital Command, Widow Mine x2, Siege Tank x2  
  152  21:05  Marine  
  152  21:07  Marine x2  
  152  21:08  Marauder x3  
  157  21:18  SCV x3  
  160  21:20  Marauder  
  160  21:21  Orbital Command  
  160  21:24  Marine x7  
  160  21:25  Marine  
  170  21:26  Widow Mine x2  
  170  21:29  Marauder x3  
  180  21:33  SCV  
  180  21:34  SCV x3  
  180  21:39  Missile Turret  
  184  21:41  Marauder  
  186  21:50  Marauder  
  186  21:51  Marauder x2  
  186  21:53  Orbital Command  
  185  22:02  Ghost  
  175  22:12  Marine  
  175  22:13  Marauder  
  160  22:16  Siege Tank  
  160  22:17  Widow Mine  
  165  22:24  Widow Mine, Siege Tank  
  165  22:25  SCV x6  
  176  22:35  Orbital Command  
  161  22:37  Ghost  
  161  22:38  Ghost, Widow Mine  
  161  22:40  Medivac x2  
  168  22:48  Siege Tank  
  171  22:52  Missile Turret  
  171  22:58  Missile Turret  
  171  23:04  Siege Tank  
  174  23:19  Widow Mine x2  
  178  23:24  Marine x3  
  178  23:25  Marauder x3  
  170  23:31  Marauder, Marine x2  
  173  23:40  Orbital Command  
  164  23:42  Siege Tank  
  164  23:43  Widow Mine x2  
  164  23:44  Marine x4  
  164  23:46  Refinery, Marauder x2  
  164  23:47  Refinery  
  179  24:01  Marauder x2, Marine  
  184  24:09  Command Center  
  184  24:12  Marine  
  184  24:13  Orbital Command, Marauder x2  
  187  24:30  Marine  
  187  24:31  Marauder x2, Marine  
  142  24:35  Marine  
  142  24:36  Marauder x2, Marine  
  118  24:41  Widow Mine x2  
  118  24:42  Widow Mine x2, Marine x4  
  130  24:51  Marine x2  
  136  24:52  Marauder  
  136  24:53  Marauder, Marine  
  136  24:57  Marine x2  
  136  24:58  Marauder  
  140  25:00  Marine x2  
  140  25:02  SCV x4  
  140  25:05  Refinery  
  140  25:07  Marine x2  
  152  25:14  Marauder x2  
Tags
 
Add a new tag
Caveats
  • Supply blocks, unpowered buildings, or Contaminate may cause inaccurate times.
  • Supply counts are checked every 10 seconds.